 Dungeon Crawl Stone Soup version 0.25.0-11-g1f837a76a1 (webtiles) character file.

Game seed: 5656956606936225840

768 shadizar the Shield-Bearer (level 7, -3/44 HPs)
             Began as a Gargoyle Fighter on June 25, 2020.
             Slain by an orc warrior
             ... wielding a +0 long sword
              (12 damage)
             ... on level 6 of the Dungeon.
             The game lasted 00:04:58 (4712 turns).

shadizar the Shield-Bearer (Gargoyle Fighter)       Turns: 4712, Time: 00:04:58

Health: -3/44      AC: 17    Str: 21    XL:     7   Next: 82%
Magic:  7/7        EV:  6    Int:  9    God:
Gold:   224        SH: 10    Dex:  9    Spells: 6/6 levels left

rFire    . . .     SeeInvis .   a - +0 war axe
rCold    . . .     Gourm    .   c - +0 kite shield
rNeg     + . .     Faith    .   e - +0 chain mail
rPois    ∞         Spirit   .   j - +0 helmet (curse)
rElec    +         Reflect  .   (no cloak)
rCorr    .         Harm     .   F - +0 pair of gloves
MR       .....                  (no boots)
Stlth    ..........             (no amulet)
HPRegen  0.14/turn              (no ring)
MPRegen  0.10/turn              (no ring)

@: slowed, very slow
A: negative energy resistance 1, electricity resistance, unbreathing,
petrification resistance, rot immunity, AC +4
a: no special abilities


You were on level 6 of the Dungeon.
You were not hungry.

You visited 1 branch of the dungeon, and saw 6 of its levels.

You collected 224 gold pieces.

Inventory:

Hand Weapons
 a - a +0 war axe (weapon)
 v - a cursed -2 mace
 I - a +2 war axe of freezing
Armour
 b - a +0 scale mail
 c - a +0 kite shield (worn)
 e - a +0 chain mail (worn)
 j - a cursed +0 helmet (worn)
 F - a +0 pair of gloves (worn)
 H - a +0 helmet
 J - a cursed +0 helmet
Jewellery
 h - an uncursed ring of magical power {unknown}
 G - an uncursed ring of flight {unknown}
Wands
 r - a wand of flame (13)
 C - a wand of paralysis (9)
Scrolls
 i - 3 scrolls of remove curse {unknown}
 k - a scroll of immolation {unknown}
 m - a scroll of blinking {unknown}
 n - 6 scrolls of identify {unknown}
 p - a scroll of teleportation {unknown}
 s - 2 scrolls of magic mapping {unknown}
 t - 4 scrolls of enchant armour {unknown}
 y - 2 scrolls of random uselessness {unknown}
 B - a scroll of fear {unknown}
 D - a scroll of fog {unknown}
Potions
 d - a potion of might
 g - a potion of degeneration {unknown}
 l - a potion of stabbing {unknown}
 o - a potion of brilliance {unknown}
 q - 2 potions of invisibility {unknown}
 u - a potion of ambrosia {unknown}
 w - 2 potions of magic {unknown}
 x - a potion of cancellation {unknown}
 z - 2 potions of curing {unknown}
 A - a potion of mutation {unknown}
 E - a potion of lignification {unknown}
Comestibles
 f - 8 rations
 K - 8 chunks of flesh


   Skills:
 + Level 4.8 Fighting
 + Level 5.2 Axes
 + Level 5.0 Armour
 + Level 1.0 Dodging
 + Level 0.4 Stealth
 + Level 5.2 Shields


You had 6 spell levels left.
You didn't know any spells.
Your spell library was empty.

Dungeon Overview and Level Annotations

Branches:
Dungeon (6/15)
 Temple: D:4-7

Altars:
Elyvilon
Nemelex Xobeh
Ru

Shops:
D:4 }   D:5 (


Innate Abilities, Weirdness & Mutations

You are resistant to torment.
Your stone body is resilient. (AC +4)
You are immune to poison.
You resist negative energy. (rN+)
You are resistant to electric shocks. (rElec)
You can survive without breathing.
You are immune to petrification.
You are immune to rotting.


Message History

* * * LOW HITPOINT WARNING * * *
Unknown command.
Unknown command.
Unknown command.
Unknown command.
Unknown command.
You hit the orc priest.
The orc priest is moderately wounded.
You closely miss the orc warrior. The orc priest barely misses you.
You block the orc warrior's attack.
The orc priest hits you but does no damage.
The orc wizard points at you and mumbles some strange words.
The magic dart hits you.
* * * LOW HITPOINT WARNING * * *
Unknown command.
You hit the orc priest.
The orc priest is moderately wounded.
You barely miss the orc warrior. You hit the orc wizard.
The orc warrior hits you with a +0 long sword!
You die...

....)# ..)).##########
##...
.........#....#####.....
####.###.#..............
#.....#..............
####....).†..........
#.##..†........###
#.....†(..oo......
####......@o......
####...###...(.
##......<... #.#...#.###
#....## #!!#.# #..#.#
#..#.. ....#..


You could see an orc warrior, an orc priest and an orc wizard.

Vanquished Creatures
  A water moccasin (D:2)
  A phantom (D:6)
  A bullfrog (D:6)
  A bullfrog zombie (D:5)
  2 orc priests (D:4)
  2 iguanas
  4 orc wizards
  A worker ant (D:6)
  3 gnolls (D:5)
  7 adders
  2 river rats (D:4)
  An ooze (D:3)
  An adder zombie (D:5)
  An adder skeleton (D:4)
  3 worms
  2 dart slugs
  3 leopard geckos
  12 orcs
  4 ball pythons
  6 bats
  8 giant cockroaches
  5 goblins
  6 hobgoblins
  10 jackals
  A quokka (D:5)
  7 frilled lizards
  5 kobolds (D:2)
  9 rats
109 creatures vanquished.

Notes
Turn   | Place    | Note
-------+----------+-------------------------------------------
     0 | D:1      | shadizar the Gargoyle Fighter began the quest for the Orb.
     0 | D:1      | Reached XP level 1. HP: 14/14 MP: 1/1
   164 | D:1      | Reached XP level 2. HP: 19/19 MP: 2/2
   841 | D:2      | Reached XP level 3. HP: 13/23 MP: 3/3
  1189 | D:2      | Noticed a water moccasin
  1201 | D:2      | Killed a water moccasin
  1201 | D:2      | Reached XP level 4. HP: 12/28 MP: 4/4
  1201 | D:2      | Reached XP level 5. HP: 14/32 MP: 5/5
  2501 | D:4      | Found Xusish's Gadget Boutique.
  2513 | D:4      | Found a sparkling altar of Nemelex Xobeh.
  2513 | D:4      | Found a sacrificial altar of Ru.
  2629 | D:4      | Reached XP level 6. HP: 35/38 MP: 6/6
  3556 | D:5      | Entered Level 5 of the Dungeon
  3574 | D:5      | Found Piosibu's Weapon Boutique.
  3911 | D:5      | Reached XP level 7. HP: 8/44 MP: 7/7
  4392 | D:5      | Found a white marble altar of Elyvilon.
  4644 | D:6      | Reached skill level 5 in Shields
  4652 | D:6      | Reached skill level 1 in Dodging
  4653 | D:6      | Reached skill level 5 in Axes
  4694 | D:6      | Reached skill level 5 in Armour
  4712 | D:6      | Slain by an orc warrior

Illustrated notes

Levels and vault maps discovered:
D:1:      elethiomel_arrival_quiet, layout_loops_ring
D:2:      layout_basic
D:3:      layout_loops_ring
D:4:      layout_basic, gammafunk_temple_overflow_pools, portal_sewer_entry_b,
          serial_shops, nicolae_shop_trees
D:5:      layout_rooms, kennysheep_little_box, minmay_temple_entry_from_below_a,
          serial_shops, shop, first_ration
D:6:      layout_rooms, uniq_crazy_yiuf_cottage

Skill      XL: |  1  2  3  4  5  6  7 |
---------------+----------------------+-----
Axes           | 2 3 4 5 |  5.2
Armour         | 4 5 |  5.0
Shields        | 4 5 |  5.2
Fighting       | 4 |  4.8
Dodging        | 1 |  1.0
Stealth        | |  0.4

Action                   |  1- 3 |  4- 6 |  7- 9 || total
-------------------------+-------+-------+-------++-------
Melee: War axe           |   119 |   248 |    98 ||   465
  Use: Potion            |       |     1 |       ||     1
  Eat: Chunk             |     1 |     9 |     3 ||    13
Armor: Scale mail        |    43 |       |       ||    43
       Chain mail        |    47 |   187 |    82 ||   316
Dodge: Dodged            |    37 |    53 |    38 ||   128
Block: Kite shield       |    72 |   121 |    66 ||   259
